 Dungeon Crawl Stone Soup version 0.20-a0-446-g9649680 (webtiles) character file.

77 Kriby the Magician (level 4, -1/30 HPs)
             Began as a Mummy Fire Elementalist on Jan 7, 2017.
             Slain by an orc (4 damage)
             ... on level 3 of the Dungeon.
             The game lasted 00:02:58 (2368 turns).

Kriby the Magician (Mummy Fire Elementalist)        Turns: 2368, Time: 00:02:59

Health: -1/30      AC:  2    Str: 11    XL:     4   Next: 14%
Magic:  2/10       EV: 12    Int: 15    God:
Gold:   103        SH:  0    Dex: 12    Spells: 7/11 levels left

rFire  x . .     SeeInvis .     h - +1 spear (venom)
rCold  + . .     Gourm    .     a - +0 robe
rNeg   + + +     Faith    .     (no shield)
rPois  ∞         Spirit   .     (no helmet)
rElec  .         Reflect  .     (no cloak)
rCorr  .         Harm     .     (no gloves)
MR     .....                    (no boots)
Stlth  ++........               (no amulet)
                                (no ring)
                                e - ring of wizardry

@: no status effects
A: no food or potions, fire vulnerability, cold resistance 1, negative energy
resistance 3, torment resistance, unbreathing
a: no special abilities


You were on level 3 of the Dungeon.
You were not hungry.

You visited 1 branch of the dungeon, and saw 3 of its levels.

You collected 103 gold pieces.

Inventory:

Hand Weapons
 h - a +1 spear of venom (weapon)
Armour
 a - a +0 robe (worn)
Jewellery
 e - a ring of wizardry (left hand)
Scrolls
 c - 2 scrolls of identify {unknown}
 d - 2 scrolls of enchant armour {unknown}
 g - a scroll of amnesia {unknown}
Books
 b - a book of Flames

   Spells                             Type                      Level
   a - Flame Tongue                   Conjuration/Fire             1
   b - Throw Flame                    Conjuration/Fire             2
   c - Conjure Flame                  Conjuration/Fire             3
   d - Inner Flame                    Hexes/Fire                   3
   e - Sticky Flame                   Conjuration/Fire             4
   f - Fireball                       Conjuration/Fire             5


   Skills:
 - Level 1.5 Dodging
 - Level 1.5 Stealth
 * Level 4.3 Spellcasting
 * Level 1.9 Conjurations
 + Level 2.7 Fire Magic


You had 7 spell levels left.
You knew the following spells:

 Your Spells              Type           Power        Failure   Level  Hunger
a - Flame Tongue          Conj/Fire      ##...        4%          1    N/A
b - Conjure Flame         Conj/Fire      ##......     10%         3    N/A

Dungeon Overview and Level Annotations

Branches:
Dungeon (3/15)

Altars:
Makhleb
Xom


Innate Abilities, Weirdness & Mutations

You do not eat or drink.
Your flesh is vulnerable to fire.
You are immune to poison.
Your flesh is cold resistant. (rC+)
You are immune to negative energy. (rN+++)
You are immune to unholy pain and torment.
You can survive without breathing.


Message History

The orc is moderately wounded.
The orc misses you. The orc hits you but does no damage.
The orc hits you but does no damage.
Found a stone staircase leading down.
The orc barely misses you.
Casting: Flame Tongue
Confirm with . or Enter, or press ? or * to list all spells.
Aiming: Flame Tongue
Press: ? - help, Shift-Dir - straight line, f/p - orc
Aim: an orc, wielding a club (moderately wounded)
The flame tongue misses the orc. x2; The orc misses you.
Casting: Flame Tongue
Confirm with . or Enter, or press ? or * to list all spells.
Aiming: Flame Tongue
Press: ? - help, Shift-Dir - straight line, f/p - orc
Aim: an orc, wielding a club (moderately wounded)
The flame tongue hits the orc.
The orc is heavily wounded.
The orc hits you.
You die...

############ ..# #...h.......
#.#####.#####.#### ........#
#.#... ###.#####.# #.....
#...# #÷# #.....
#.##.#.#####.#####...!. .
#.#.#....................
#.#.#.#..#@#####.#####...## #
#.#.#.#..#o##..............
#.#........#o##.##.#####...#.
#.#.....................$....
#>.....................$.....
#..........................
#..........................
#................[.........
#..........................


You could see 2 orcs.

Vanquished Creatures
  3 oozes
  2 worms
  A dart slug (D:2)
  A leopard gecko (D:3)
  2 orcs (D:3)
  6 bats
  3 giant cockroaches
  3 hobgoblins
  10 jackals
  5 kobolds
  2 ball pythons (D:3)
  2 frilled lizards (D:2)
  6 goblins
  5 rats
51 creatures vanquished.

Notes
Turn   | Place    | Note
-------+----------+-------------------------------------------
     0 | D:1      | Kriby the Mummy Fire Elementalist began the quest for the Orb.
     0 | D:1      | Reached XP level 1. HP: 13/13 MP: 4/4
    84 | D:1      | Found a shimmering altar of Xom.
    86 | D:1      | Found a shimmering altar of Xom.
    86 | D:1      | Found a glowing golden altar of the Shining One.
    88 | D:1      | Found a hazy altar of Hepliaklqana.
    88 | D:1      | Found a shattered altar of Ashenzari.
    88 | D:1      | Found a shadowy altar of Dithmenos.
   311 | D:1      | Reached skill level 1 in Conjurations
   638 | D:1      | Reached XP level 2. HP: 19/19 MP: 2/5
   779 | D:1      | Reached skill level 3 in Spellcasting
  1331 | D:2      | Reached XP level 3. HP: 23/24 MP: 5/8
  1357 | D:2      | Found a burning altar of Makhleb.
  1531 | D:2      | Learned a level 3 spell: Conjure Flame
  1908 | D:3      | Reached skill level 4 in Spellcasting
  2063 | D:3      | Reached XP level 4. HP: 8/30 MP: 1/10
  2349 | D:3      | HP: 1/30 [orc (1)]
  2368 | D:3      | Slain by an orc

Vault maps used:
D:1:      dpeg_arrival_rooms_c, doesnt_xom_only_xom
D:2:      lemuel_round_altar
D:3:      makhleb_heckhound_becter

Skill      XL: |  1  2  3 |
---------------+----------+-----
Conjurations   | 1 |  1.9
Spellcasting   | 3 4 |  4.3
Dodging        | |  1.5
Stealth        | |  1.5
Fire Magic     | |  2.7

Action                   |  1- 3 |  4- 6 || total
-------------------------+-------+-------++-------
Melee: Short sword       |     1 |       ||     1
       Spear             |     3 |       ||     3
 Cast: Flame Tongue      |    88 |    16 ||   104
Armor: Robe              |    19 |     3 ||    22
Dodge: Dodged            |    73 |     8 ||    81
